 Dungeon Crawl Stone Soup version 0.29-a0-1009-g60c99734e7 (webtiles) character file.

Game seed: 17645473466785796155

4282 Querens the Protected (level 10, -5/90 HPs)
             Began as a Meteoran Fighter on Aug 8, 2022.
             Was a Follower of Makhleb.
             Killed from afar by a ynoxinul (23 damage)
             ... with an iron shot
             ... on level 1 of the Abyss.
             The game lasted 00:19:08 (4539 turns).

Querens the Protected (Meteoran Fighter)            Turns: 4539, Time: 00:19:09

Health: -5/90      AC: 15    Str: 23    XL:     10   Next: 87%
Magic:  0/15       EV:  8    Int:  9    God:    Makhleb [*.....]
Gold:   559        SH:  7    Dex: 20    Spells: 9/9 levels left

rFire   . . .      SeeInvis .   a - +0 war axe
rCold   . . .      Faith    .   c - +0 buckler
rNeg    . . .      Spirit   +   L - +0 chain mail {rPois}
rPois   +          Reflect  .   n - +0 helmet
rElec   .          Harm     .   (no cloak)
rCorr   .          Rampage  .   w - +0 pair of gloves
Will    +....                   q - +0 pair of boots
Stlth   ..........              E - amulet of guardian spirit
HPRegen 0.25/turn               p - +6 ring of dexterity
MPRegen 0.14/turn               (no ring)

@: glowing
A: sense surroundings 2, otherworldly, glowing, explore regen
a: Renounce Religion


You were on level 1 of the Abyss.
You worshipped Makhleb.
Makhleb was aware of your devotion.
You visited 2 branches of the dungeon, and saw 10 of its levels.
You visited the Abyss 1 time.

You collected 559 gold pieces.

Inventory:

Hand Weapons
 a - a +0 war axe (weapon)
 K - a +0 morningstar of protection
Armour
 c - a +0 buckler (worn)
 n - a +0 helmet (worn)
 q - a +0 pair of boots (worn)
 w - a +0 pair of gloves (worn)
 x - a +1 ring mail of fire resistance
 L - a +0 chain mail of poison resistance (worn)
Jewellery
 p - a +6 ring of dexterity (left hand)
 s - a ring of wizardry
 E - an amulet of guardian spirit (around neck)
 J - the amulet "Bofo Yhe" {Faith rC+ Will+ Str-2}
   (You found it on level 7 of the Dungeon)

   [amulet of faith]

   It allows you to gain divine favour quickly.
   Str:       It affects your strength (-2).
   rC:        It protects you from cold.
   Will:      It increases your willpower.
Wands
 l - a wand of polymorph (7)
 o - a wand of digging (6)
 v - a wand of acid (1)
 y - a wand of flame (37)
 B - a wand of roots (17)
Scrolls
 f - a scroll of teleportation
 g - 2 scrolls of vulnerability {unknown}
 h - 2 scrolls of enchant armour {unknown}
 m - a scroll of silence {unknown}
 r - 2 scrolls of amnesia
 u - a scroll of blinking {unknown}
 D - a scroll of immolation {unknown}
 F - a scroll of summoning {unknown}
 G - a scroll of brand weapon {unknown}
 H - a scroll of fog {unknown}
 I - a scroll of noise {unknown}
 M - 2 scrolls of magic mapping {unknown}
 N - a scroll of identify {unknown}
Potions
 b - a potion of heal wounds
 d - 3 potions of might
 e - a potion of lignification {unknown}
 i - 3 potions of curing {unknown}
 j - 2 potions of attraction {unknown}
 k - 2 potions of brilliance {unknown}
 t - a potion of flight {unknown}
 z - 2 potions of mutation {unknown}
 A - a potion of ambrosia {unknown}
 C - a potion of magic {unknown}


   Skills:
 + Level 8.4 Fighting
 + Level 8.8 Axes
 + Level 9.2 Armour
 + Level 9.2 Shields
 + Level 5.4 Invocations


You had 9 spell levels left.
You didn't know any spells.
Your spell library contained the following spells:

 Spells                   Type           Power      Damage    Failure   Level
 Apportation              Tloc           0%         N/A       96%         1
 Conjure Flame            Conj/Fire      0%         6-21      100%        3
 Ignite Poison            Fire/Tmut/Pois 0%         N/A       100%        3
 Ozocubu's Armour         Ice            0%         N/A       100%        3
 Sticky Flame             Conj/Fire      0%         2d3       100%        4
 Alistair's Intoxication  Tmut/Pois      0%         N/A       100%        5
 Metabolic Englaciation   Hex/Ice        0%         N/A       100%        5
 Simulacrum               Ice/Necr       0%         N/A       100%        6


Dungeon Overview and Level Annotations

Branches:
Dungeon (9/15) Zot: 1049   Temple (1/1) D:5 Zot: 492
   Lair: D:8-11         Orc: D:9-12

Altars:
Dithmenos
Gozag
Makhleb
Wu Jian
Xom
Yredelemnul
Zin
The Shining One

Annotations:
D:5 3 runed translucent doors, WasteTime5's ghost, novice HOCK


Innate Abilities, Weirdness & Mutations

You passively map the area around you.
You are easily found by Zot.
You glow in the dark.
You regain HP and MP as you explore.


Message History

Unknown command.
You miss the sixfirhy.
The sixfirhy is heavily wounded.
The sixfirhy hits you but does no damage.
You block the sixfirhy's attack.
The sixfirhy hits you but does no damage. x2
The ynoxinul gestures at you. The iron shot hits you!
You miss the sixfirhy.
The sixfirhy is heavily wounded.
Unknown command.
You miss the sixfirhy.
The sixfirhy is heavily wounded.
Unknown command.
Unknown command.
You miss the sixfirhy.
The sixfirhy is heavily wounded.
You hit the ynoxinul. The sixfirhy barely misses you. The sixfirhy hits you.
The sixfirhy shocks you! The sixfirhy barely misses you. The ynoxinul hits you.
The sixfirhy hits you but does no damage.
Unknown command.
You completely miss the sixfirhy.
The sixfirhy is heavily wounded.
You barely miss the ynoxinul. The sixfirhy hits you! The sixfirhy shocks you!
The sixfirhy hits you. The sixfirhy shocks you!
The sixfirhy hits you but does no damage.
The ynoxinul closely misses you. The sixfirhy hits you!
* * * LOW HITPOINT WARNING * * *
The sixfirhy shocks you!
* * * LOW HITPOINT WARNING * * *
Unknown command.
You barely miss the sixfirhy.
The sixfirhy is heavily wounded.
You hit the ynoxinul. You block the ynoxinul's attack.
The ynoxinul hits you but does no damage.
Unknown command.
Unknown command.
The ynoxinul gestures at you. The iron shot hits you!!
You die...

.... #......#
....##......##..
................
................
................
................
................
.......@33......
....##......##. .
#..##..##..# ##
#..## .##
............... ..
....... ... . ... .
##..##..##.. # .# .
#
##..##..##..##..##..
............ ... ..
.


You could see a sixfirhy and a ynoxinul.

Vanquished Creatures
  A cyclops (D:7)
  A troll (D:7)
  A hornet (D:8)
  Grinder (D:3)
  A wyvern (D:7)
  A golden eye (Abyss:1)
  A yak (D:5)
  2 steam dragons
  Edmund (D:4)
  An acid dragon (D:8)
  3 hell hounds (Abyss:1)
  A water moccasin (D:7)
  2 black bears (D:6)
  2 ice beasts
  2 phantoms (D:7)
  2 centaurs
  A small abomination (Abyss:1)
  2 bullfrogs
  A necrophage (D:7)
  3 killer bees (D:7)
  A centaur zombie (D:5)
  5 jellies
  7 hounds
  A gnoll bouda (D:5)
  2 orc priests (D:8)
  An iguana (D:7)
  Terence (D:3)
  3 orc wizards
  A killer bee zombie (D:5)
  13 gnolls
  6 adders
  A white imp (D:6)
  3 worms (D:2)
  A dart slug (D:4)
  18 orcs
  An endoplasm (D:3)
  2 giant cockroaches
  7 goblins
  4 hobgoblins
  2 jackals (D:1)
  A quokka (D:4)
  2 bats
  3 frilled lizards
  7 kobolds
  3 rats
126 creatures vanquished.

Vanquished Creatures (others)
  An orc warrior (D:8)
  An orc (D:8)
2 creatures vanquished.

Grand Total: 128 creatures vanquished

Notes
Turn   | Place    | Note
-------+----------+-------------------------------------------
     0 | D:1      | Querens the Meteoran Fighter began the quest for the Orb.
     0 | D:1      | Reached XP level 1. HP: 19/19 MP: 2/2
    15 | D:1      | Found a faded altar of an unknown god.
   158 | D:1      | Reached XP level 2. HP: 3/26 MP: 3/3
   269 | D:1      | Reached XP level 3. HP: 23/31 MP: 4/4
   503 | D:2      | Reached XP level 4. HP: 25/40 MP: 5/5
   716 | D:3      | Noticed Grinder
   836 | D:3      | Noticed Terence
   844 | D:3      | Killed Terence
   854 | D:3      | Reached XP level 5. HP: 34/46 MP: 6/6
  1002 | D:3      | Paralysed by Grinder for 2 turns
  1005 | D:3      | Killed Grinder
  1006 | D:3      | Reached skill level 5 in Armour
  1006 | D:3      | Reached skill level 5 in Shields
  1006 | D:3      | Reached XP level 6. HP: 31/53 MP: 7/7
  1115 | D:4      | Reached XP level 7. HP: 32/60 MP: 8/8
  1298 | D:4      | Noticed Edmund
  1308 | D:4      | Killed Edmund
  1309 | D:4      | Reached skill level 5 in Fighting
  1578 | D:4      | Reached skill level 5 in Axes
  1607 | D:4      | Reached XP level 8. HP: 60/68 MP: 9/9
  1812 | D:5      | Entered Level 5 of the Dungeon
  1844 | D:5      | Found a shadowy altar of Dithmenos.
  1909 | D:5      | Found a runed translucent gate.
  1909 | D:5      | Found a runed translucent gate.
  1909 | D:5      | Found a runed translucent gate.
  1909 | D:5      | Noticed WasteTime5's ghost (novice HOCK)
  1911 | D:5      | Found a basalt altar of Yredelemnul.
  1954 | D:5      | Noticed a yak
  1971 | D:5      | Killed a yak
  1978 | D:5      | Noticed a yak
  1978 | D:5      | Noticed a yak
  2110 | D:5      | Found a staircase to the Ecumenical Temple.
  2114 | Temple   | Entered the Ecumenical Temple
  2191 | Temple   | Became a worshipper of Makhleb the Destroyer
  2419 | D:6      | Noticed a steam dragon
  2428 | D:6      | Killed a steam dragon
  2429 | D:6      | Gained mutation: You passively map the area around you.
                  | [Meteoran growth]
  2429 | D:6      | Reached XP level 9. HP: 23/75 MP: 10/10
  3165 | D:7      | Identified the amulet "Bofo Yhe" {Faith rC+ Will+ Str-2}
  3298 | D:7      | Reached skill level 1 in Invocations
  3441 | D:7      | Reached * piety under Makhleb
  3675 | D:7      | Reached XP level 10. HP: 58/86 MP: 8/13
  3851 | D:7      | Noticed a cyclops
  3927 | D:7      | Killed a cyclops
  4134 | D:8      | Reached skill level 5 in Invocations
  4340 | Abyss:1  | Cast into level 1 of the Abyss (gnoll)
  4346 | Abyss:1  | Found a corrupted altar of Lugonu.
  4442 | Abyss:1  | Noticed a tormentor
  4444 | Abyss:1  | Noticed a smoke demon
  4474 | Abyss:1  | Noticed a starcursed mass
  4484 | Abyss:1  | Noticed a wretched star
  4489 | Abyss:1  | HP: 4/89 [small abomination (7)]
  4525 | Abyss:1  | Noticed a sixfirhy
  4539 | Abyss:1  | Killed from afar by a ynoxinul

Illustrated notes

Levels and vault maps discovered:
D:1:      minmay_arrival_up_and_down, layout_rooms,
          hellmonk_ecumenical_altar_lost_god, minmay_misc_feat_pillars
D:2:      layout_basic
D:3:      layout_rooms, uniq_grinder, uniq_terence
D:4:      layout_basic, small_statue_intersection, uniq_edmund
D:5:      layout_cave_pools, nicolae_yredelemnul_ghost_church,
          nicolae_dithmenos_shadow_blocks, minmay_temple_entry_glassed_door
D:6:      layout_gridville, kennysheep_decorative_pillar
D:7:      layout_basic, lightli_corner_chamber
D:8:      layout_cave_pools
D:9:      layout_irregular_city, uniq_erolcha
Temple:   mainiacjoe_temple_cubbyholes
Abyss:1:  base: D:6, hangedman_abyss_stitches_cave, hangedman_abyss_batty_box

Skill      XL: |  1  2  3  4  5  6  7  8  9 10 |
---------------+-------------------------------+-----
Armour         | 4 5 6 8 9 |  9.2
Shields        | 4 5 6 8 9 |  9.2
Axes           | 3 4 5 6 7 8 |  8.8
Fighting       | 4 5 6 7 8 |  8.4
Invocations    | 2 5 |  5.4

Action                   |  1- 3 |  4- 6 |  7- 9 | 10-12 || total
-------------------------+-------+-------+-------+-------++-------
Melee: War axe           |    55 |    75 |   266 |   110 ||   506
Evoke: Wand              |       |       |    13 |    15 ||    28
  Use: Scroll            |       |       |       |     3 ||     3
       Potion            |       |       |       |     3 ||     3
Armor: Scale mail        |    23 |    34 |   172 |       ||   229
       Chain mail        |       |       |    20 |   102 ||   122
Dodge: Dodged            |    22 |    49 |    98 |    73 ||   242
Block: Buckler           |    11 |    16 |   110 |    83 ||   220

Table legend: (Time is in decaauts)
 A = Elapsed time spent in this place.
 B = Non-inter-level travel time spent in this place.
 C = Inter-level travel time spent in this place.
 D = Time resting spent in this place.
 E = Time spent auto-exploring this place.
 F = Levels seen in this place.
 G = Mean time per level.
                   A        B        C        D        E       F      G
               +--------+--------+--------+--------+--------+-----+--------+
         Total |   4660 |   4326 |    334 |      0 |     50 |  11 |  423.6 |
       Dungeon |   4349 |   4044 |    305 |      0 |      0 |   9 |  483.2 |
        Temple |    107 |     78 |     29 |      0 |     50 |   1 |  107.0 |
         Abyss |    203 |    203 |      0 |      0 |      0 |   1 |  203.0 |
               +--------+--------+--------+--------+--------+-----+--------+

Top non-repeatable levels by time:
     D:7: 844 daAuts
     D:4: 781 daAuts
     D:6: 762 daAuts
     D:5: 449 daAuts
     D:2: 441 daAuts
     D:3: 384 daAuts
     D:8: 340 daAuts
     D:1: 324 daAuts
 Abyss:1: 203 daAuts
  Temple: 107 daAuts
     D:9: 19 daAuts
